 Dungeon Crawl Stone Soup version 0.20.1-1-g8b1a95d (webtiles) character file.

58 jmlagarto the Skirmisher (level 3, -1/31 HPs)
             Began as a Centaur Chaos Knight on Sept 8, 2017.
             Killed from afar by Ijyb (17 damage)
             ... with a wand of lightning (?/15)
             ... on level 3 of the Dungeon.
             The game lasted 00:06:43 (1697 turns).

jmlagarto the Skirmisher (Centaur Chaos Knight)     Turns: 1697, Time: 00:06:44

Health: -1/31      AC:  6    Str: 15    XL:     3   Next: 75%
Magic:  0/3        EV:  8    Int: 11    God:    Xom [....*.]
Gold:   137        SH:  0    Dex:  8    Spells: 2/2 levels left

rFire    . . .     SeeInvis .   a - +0 spear (chaos)
rCold    . . .     Gourm    .   (no shield)
rNeg     + . .     Faith    .   d - +1 ring mail
rPois    .         Spirit   +   (no helmet)
rElec    .         Reflect  .   (no cloak)
rCorr    .         Harm     .   (no gloves)
MR       .....                  (no barding)
Stlth    ..........             l - amulet of guardian spirit
Regen    0.1/turn               j - ring of positive energy
MPRegen  0.1/turn               (no ring)

@: very quick
A: hooves 3, deformed body, speed 2, tough skin 3
a: Renounce Religion


You were on level 3 of the Dungeon.
You worshipped Xom.
You were a beloved toy of Xom.
You were very full.

You visited 1 branch of the dungeon, and saw 3 of its levels.

You collected 137 gold pieces.

Inventory:

Hand Weapons
 a - a +0 spear of chaos (weapon)
Armour
 b - a +2 leather armour
 d - a +1 ring mail (worn)
Jewellery
 j - a ring of positive energy (left hand)
 l - an amulet of guardian spirit (around neck)
 s - an uncursed amulet of regeneration {unknown}
Wands
 r - a wand of lightning (3/15)
Scrolls
 f - 4 scrolls of identify
 g - a scroll of recharging {unknown}
 h - a scroll of immolation {unknown}
 o - a scroll of fog {unknown}
 p - a scroll of magic mapping {unknown}
 q - a scroll of enchant weapon {unknown}
Potions
 e - a potion of lignification {unknown}
 i - a potion of curing {unknown}
 k - 2 potions of might
 m - 2 potions of haste {unknown}
 n - a potion of flight {unknown}
Comestibles
 c - a bread ration


   Skills:
 + Level 3.6 Fighting
 + Level 3.5 Polearms
 + Level 1.8 Armour
 + Level 0.7 Dodging


You had 2 spell levels left.
You didn't know any spells.

Dungeon Overview and Level Annotations

Branches:
Dungeon (3/15)

Altars:
Nemelex Xobeh
Ru
Uskayaw
Xom
Zin

Annotations:
D:3 Ijyb


Innate Abilities, Weirdness & Mutations

You have hooves in place of feet.
Armour fits poorly on your strangely shaped body.
You cover ground very quickly.
You have extremely tough skin. (AC +3)


Message History

s - a square cabochon amulet A worm comes into view.
Found 23 sling bullets.
Ijyb the Twisted Goblin comes into view.
She is wielding a dagger.
Ijyb shouts!
Ijyb zaps a wand.
The bolt of lightning hits you!
It is a wand of lightning (?/15).
Attack whom?
Press: ? - help, Dir - move target cursor, f - worm
Aim: a worm You reach to attack!
You barely miss the worm. You hit the worm. You burn the worm.
The worm is heavily wounded.
You barely miss the worm. You kick the worm.
The worm is severely wounded.
The worm barely misses you.
Ijyb zaps a wand.
The bolt of lightning hits you!
Ouch! That really hurt!
You die...
Xom giggles madly!

###...## .... ....#..
..... .....####...
.##..##...
#########.##.....#
(.........#...#<.#
.........##......###
.............###...#
........@###.# #.........
.........##..#...##..####
...............### #...
.........##.#### ###..
........w##.# .
.......g........
..........#.####
#.#####.... .# .. #.....
#


You could see Ijyb and a worm.

Vanquished Creatures
  An adder (D:2)
  2 worms (D:2)
  2 leopard geckos (D:2)
  An orc (D:2)
  6 bats (D:2)
  2 giant cockroaches
  9 goblins
  3 hobgoblins (D:1)
  A jackal (D:2)
  A ball python (D:2)
  2 frilled lizards
  6 kobolds
  A rat (D:1)
  A rat (shapeshifter) (D:2)
38 creatures vanquished.

Notes
Turn   | Place    | Note
-------+----------+-------------------------------------------
     0 | D:1      | jmlagarto the Centaur Chaos Knight began the quest for the Orb.
     0 | D:1      | Reached XP level 1. HP: 19/19 MP: 1/1
   313 | D:1      | Reached XP level 2. HP: 18/26 MP: 2/2
   341 | D:1      | XOM: silly message
   821 | D:2      | XOM: mild Hex miscast
  1121 | D:2      | Found a sparkling altar of Nemelex Xobeh.
  1125 | D:2      | Found a sacrificial altar of Ru.
  1127 | D:2      | Found a glowing silver altar of Zin.
  1127 | D:2      | Found a hide-covered altar of Uskayaw.
  1133 | D:2      | Reached XP level 3. HP: 29/31 MP: 3/3
  1189 | D:2      | XOM: scenery: create altars
  1227 | D:2      | XOM: polymorph jackal -> orc
  1379 | D:2      | XOM: god gift: wand of lightning (?/15) {god gift}
  1410 | D:2      | XOM: harmless Pois miscast
  1689 | D:3      | Noticed Ijyb
  1697 | D:3      | Killed from afar by Ijyb

Skill      XL: |  1 |
---------------+----+-----
Polearms       | 3 |  3.5
Fighting       | |  3.6
Armour         | |  1.8
Dodging        | |  0.7

Action                   || total
-------------------------++-------
Melee: Spear             ||   102
       Kick              ||    14
  Use: Scroll            ||     3
 Stab: Paralysed         ||     1
  Eat: Bread ration      ||     2
Armor: Ring mail         ||    20
Dodge: Dodged            ||    21
